[Event "Early-Titled-Tuesday-Blitz-February-13-2024"]
[Site "Chess.com"]
[Date "2024.02.13"]
[Round "9"]
[White "valorant64"]
[Black "Elnaz_Kaliakhmet"]
[Result "1-0"]
[WhiteElo "2622"]
[BlackElo "2361"]
[TimeControl "180+1"]
[EndTime "9:46:14 PST"]
[Termination "valorant64 won by resignation"]

1. e4 c5 2. Nf3 Nc6 3. Bb5 Nf6 4. e5 Nd5 5. O-O Nc7 6. Bxc6 dxc6 7. d3 Bg4 8. h3 Bxf3 9. Qxf3 Ne6 10. Re1 Qd5 11.
Qd1 O-O-O 12. Nc3 Qd7 13. a4 f6 14. a5 Nd4 15. Ne4 Qd5 16. c4 Qxe5 17. Ng5 Qf5 18. Nf7 e5 19. Nxh8 Be7 20. Nf7 Rf8 21. Nxe5 fxe5 22.
Be3 Bh4 23. Bxd4 cxd4 24. Rf1 Bxf2+ 25. Kh1 Qg5 26. b4 Rf4 27. Qe2 h5 28. Rxf2 1-0

[Event "Early-Titled-Tuesday-Blitz-February-13-2024"]
[Site "Chess.com"]
[Date "2024.02.13"]
[Round "9"]
[White "InitiatingASC"]
[Black "SpongeBob_03"]
[Result "1-0"]
[WhiteElo "2384"]
[BlackElo "2216"]
[TimeControl "180+1"]
[EndTime "9:46:14 PST"]
[Termination "InitiatingASC won by resignation"]

1. Nf3 Nf6 2. b3 b5 3. Bb2 Bb7 4. e3 e6 5. Bxb5 a6 6. Be2 Be7 7. c4 d6 8. d3 Nbd7 9. Nbd2 Kf8 10. O-O h6 11. a3 Kg8 12. b4 Kh7 13. e4 Rg8 14. Qc2 g5 15. d4 Kh8 16. e5 dxe5 17. Nxe5 Nxe5 18. dxe5 Nh7 19. Rad1 Qe8 20. Bh5 Nf8 21.
Ne4 Ng6 22. Nd6 cxd6 23. exd6+ f6 24. dxe7 Kh7 25. Bxf6 Rc8 26. Rd8 Qc6 27. Bf3 Qc7 28. Bxb7 Qxb7 29. Rfd1 h5 30. R1d7 1-0

[Event "Early-Titled-Tuesday-Blitz-February-13-2024"]
[Site "Chess.com"]
[Date "2024.02.13"]
[Round "9"]
[White "romulocardoso"]
[Black "ValiantCeleb"]
[Result "0-1"]
[WhiteElo "2352"]
[BlackElo "2199"]
[TimeControl "180+1"]
[EndTime "9:46:14 PST"]
[Termination "ValiantCeleb won by resignation"]

1. e4 e5 2. Nf3 Nc6 3. d4 exd4 4. Bc4 Nf6 5. e5 d5 6. Bb5 Ne4 7. Nxd4 Bd7 8. Bxc6 bxc6 9. O-O Bc5 10. f3 Ng5 11. f4 Ne4 12. Be3 Bb6 13. Nd2 Nxd2 14.
Qxd2 O-O 15. Nb3 Qe7 16. a4 Bf5 17. a5 Bxe3+ 18. Qxe3 Bxc2 19. Nd4 Be4 20. Nxc6 Qd7 21. Rac1 f6 22. Rfd1 fxe5 23. Qxe4 Qxc6 24. Qxe5 Qa4 25. Rxc7 Qxd1+ 26. Kf2 Qd2+ 27. Kg3 Rf6 0-1

[Event "Early-Titled-Tuesday-Blitz-February-13-2024"]
[Site "Chess.com"]
[Date "2024.02.13"]
[Round "9"]
[White "FMCarmona"]
[Black "Kotofeyca"]
[Result "1-0"]
[WhiteElo "2277"]
[BlackElo "2395"]
[TimeControl "180+1"]
[EndTime "9:46:20 PST"]
[Termination "FMCarmona won by resignation"]

1. e4 c5 2. Nf3 d6 3. d4 cxd4 4. Nxd4 Nf6 5. Nc3 a6 6. Be3 Ng4 7. Bg5 Nc6 8. Nxc6 bxc6 9. Be2 Nf6 10. O-O e5 11. Qd3 Be6 12. Rad1 Be7 13. f4 Qb6+ 14. Kh1 Qxb2 15. Rb1 Qa3 16. Rb7 h6 17. Rxe7+ Kxe7 18. Bxf6+ gxf6 19. Nd5+ cxd5 20. Qxa3 dxe4 21. f5 Bc8 22.
Qb4 Rd8 23. Qxe4 Rb8 24. Bc4 Rb4 25. Qd5 Rf8 26. Rd1 Rb6 27. Qf3 Bb7 28. Bd5 Rb8 29. Bxb7 R8xb7 30. h3 Rb1 31. Rxb1 Rxb1+ 32. Kh2 Rd1 33.
Qxd1 1-0

[Event "Early-Titled-Tuesday-Blitz-February-13-2024"]
[Site "Chess.com"]
[Date "2024.02.13"]
[Round "9"]
[White "wqws"]
[Black "Kirill_Klukin"]
[Result "0-1"]
[WhiteElo "2666"]
[BlackElo "2822"]
[TimeControl "180+1"]
[EndTime "9:46:25 PST"]
[Termination "Kirill_Klukin won by resignation"]

1. e4 c5 2. Nf3 Nc6 3. d4 cxd4 4. Nxd4 e5 5. Nb5 d6 6. c4 Be7 7. N1c3 a6 8. Na3 Be6 9. Nd5 Rc8 10. Be3 Bg5 11. Bb6 Qd7 12. h4 Bd8 13. Bxd8 Qxd8 14.
g3 Nf6 15. Bd3 O-O 16. O-O Nd4 17. Nc2 Nxc2 18. Qxc2 Bxd5 19. exd5 h6 20. Qe2 e4 21. Bc2 Re8 22. b4 Qb6 23. Rab1 Qd4 24. Bb3 e3 25. Rbd1 Qc3 26. Qf3 exf2+ 27. Rxf2 Re3 28. Qf5 Rxg3+ 29. Kh1 Re8 30. c5 Rh3+ 31. Kg1 Qg3+ 32. Rg2 Re1+ 33. Rxe1 Qxe1+ 34. Qf1 Rh1+ 35. Kxh1 Qxf1+ 36. Kh2 Qf4+ 37. Kg1 dxc5 38. bxc5 Qc1+ 39. Kh2 Qxc5 0-1

[Event "Early-Titled-Tuesday-Blitz-February-13-2024"]
[Site "Chess.com"]
[Date "2024.02.13"]
[Round "9"]
[White "mertfelin"]
[Black "ural58"]
[Result "0-1"]
[WhiteElo "2327"]
[BlackElo "2521"]
[TimeControl "180+1"]
[EndTime "9:46:29 PST"]
[Termination "ural58 won by resignation"]

1. e4 d5 2. exd5 Qxd5 3. Nc3 Qa5 4. d4 Nf6 5. Nf3 Nc6 6. Bb5 Ne4 7. Bxc6+ bxc6 8.
Bd2 Nxc3 9. Bxc3 Qd5 10. O-O Bg4 11. h3 Bxf3 12. Qxf3 Qxf3 13. gxf3 e6 14. Kh1 Bd6 15. Rg1 Rg8 16. h4 g6 17. h5 g5 18. Rae1 Kd7 19.
Bd2 f6 20. Bc3 Rab8 21. a3 Rb5 22. Re4 Rf5 23. Rge1 Rxf3 24. Kg2 Rf5 25. Rxe6 g4 26. Bb4 g3 27. f3 c5 28. Bxc5 Bxc5 29. dxc5 Rxh5 30.
c6+ Kd8 31. Re7 Rh2+ 32. Kg1 Rxc2 33. Rd7+ Kc8 34. Rxh7 Rxc6 35. Re4 f5 36. Ra4 g2 0-1

[Event "Early-Titled-Tuesday-Blitz-February-13-2024"]
[Site "Chess.com"]
[Date "2024.02.13"]
[Round "9"]
[White "miraitrunks"]
[Black "agvania123"]
[Result "0-1"]
[WhiteElo "2185"]
[BlackElo "2371"]
[TimeControl "180+1"]
[EndTime "9:46:29 PST"]
[Termination "agvania123 won by resignation"]

1. e4 d5 2. Nc3 dxe4 3. Nxe4 c6 4. Bc4 Nf6 5. Nxf6+ exf6 6. Ne2 Bd6 7. O-O O-O 8. d4 Bg4 9. f3 Bh5 10. Nf4 Bg6 11.
Nxg6 hxg6 12. Qd3 f5 13. a3 Nd7 14. b4 a5 15. b5 c5 16. Bb2 cxd4 17. Bxd4 Ne5 18.
Bxe5 Bxe5 19. Qxd8 Rfxd8 20. Rad1 Rac8 21. Bb3 b6 22. Rfe1 Bd4+ 23. Kf1 Bc5 24. Ke2 Kf8 25. Rxd8+ Rxd8 26. Rd1 Rxd1 27. Kxd1 Bxa3 28. Kd2 Ke7 29. Kd3 f6 30.
Kd4 Kd6 31. Bf7 Bc5+ 32. Kc4 g5 33. Bg6 Ke5 34. Bh7 g4 35. fxg4 fxg4 36. Bd3 f5 37.
Be2 g5 38. Bd1 Ke4 39. h3 gxh3 40. gxh3 f4 41. Be2 f3 42. Bd3+ Ke3 43. Kd5 f2 0-1

[Event "Early-Titled-Tuesday-Blitz-February-13-2024"]
[Site "Chess.com"]
[Date "2024.02.13"]
[Round "9"]
[White "Yan_Dyomin2010"]
[Black "Aash20"]
[Result "1-0"]
[WhiteElo "2600"]
[BlackElo "2459"]
[TimeControl "180+1"]
[EndTime "9:46:31 PST"]
[Termination "Yan_Dyomin2010 won by resignation"]

1. e4 c5 2. Nf3 d6 3. d4 cxd4 4. Qxd4 a6 5. Bc4 Nc6 6. Qd3 Nf6 7. Nc3 g6 8. Bb3 Bg7 9. h3 O-O 10. O-O Bd7 11. Bf4 Qa5 12. Qe3 Rac8 13. Bh6 Ne5 14. Nxe5 Qxe5 15. Bxg7 Kxg7 16. Rfe1 Rxc3 17. bxc3 Rc8 18.
f4 Qxc3 19. Qxc3 Rxc3 20. e5 dxe5 21. fxe5 Nh5 22. e6 fxe6 23. Rad1 Bc6 24. Rxe6 Nf4 25. Rxe7+ Kh6 26. Rd2 a5 27. Bg8 Kg5 28. Re5+ Kf6 29. Rxa5 h5 30. Rf2 g5 31. h4 Kg7 32. Rxg5+ Ng6 33.
Bf7 Be4 34. Re2 Kxf7 35. Rxe4 Rxc2 36. Rb4 Rc7 37. Rxh5 Rd7 38. Rh7+ Ke6 39. Rxd7 Kxd7 40. h5 1-0

[Event "Early-Titled-Tuesday-Blitz-February-13-2024"]
[Site "Chess.com"]
[Date "2024.02.13"]
[Round "9"]
[White "davigator"]
[Black "MrChessSponge"]
[Result "1-0"]
[WhiteElo "2342"]
[BlackElo "2489"]
[TimeControl "180+1"]
[EndTime "9:46:34 PST"]
[Termination "davigator won on time"]

1. e4 c5 2. Nf3 d6 3. d4 cxd4 4.
Nxd4 Nf6 5. Nc3 a6 6. Bg5 e6 7.
f4 h6 8. Bh4 Qb6 9. a3 Be7 10.
Bf2 Qc7 11. Qf3 Nbd7 12. O-O-O b5 13. Bd3 Nc5 14. Rhe1 Rb8 15. Qg3 b4 16. axb4 Rxb4 17. Qxg7 Rg8 18. Qxh6 Qa5 19. e5 dxe5 20. Nc6 Qa1+ 21.
Kd2 Qxb2 22. Nxb4 Qxb4 23. Rb1 Qa5 24. Rxe5 Nd5 25. Rxd5 exd5 26. Re1 Rxg2 27. Qh4 Ne4+ 28. Rxe4 dxe4 29. Qh8+ Kd7 30. Bxe4 Rxf2+ 31. Ke3 Qc5+ 32. Kd3 1-0

[Event "Early-Titled-Tuesday-Blitz-February-13-2024"]
[Site "Chess.com"]
[Date "2024.02.13"]
[Round "9"]
[White "AlexTruskavetsky"]
[Black "bitter-cikolata"]
[Result "1-0"]
[WhiteElo "2701"]
[BlackElo "2501"]
[TimeControl "180+1"]
[EndTime "9:46:36 PST"]
[Termination "AlexTruskavetsky won by checkmate"]

1. d4 Nf6 2. c4 g6 3. Nc3 d5 4. cxd5 Nxd5 5. e4 Nxc3 6. bxc3 Bg7 7. Bc4 O-O 8. Ne2 c5 9. O-O Nc6 10. Be3 Qc7 11. Qc2 a6 12. a4 Na5 13. Ba2 cxd4 14. Nxd4 b6 15. Rab1 Bb7 16. Ne2 Nc4 17. Bxc4 Qxc4 18.
Rb4 Qe6 19. f3 b5 20. Nd4 Qd7 21. axb5 axb5 22. Nxb5 Rfc8 23. Rd1 Qe6 24. Bd4 Ra2 25. Rb2 Rxb2 26. Qxb2 Ba6 27. Bxg7 Kxg7 28. c4+ Kg8 29. Rd5 Rxc4 30. Rd8# 1-0

[Event "Early-Titled-Tuesday-Blitz-February-13-2024"]
[Site "Chess.com"]
[Date "2024.02.13"]
[Round "9"]
[White "Slovineanu"]
[Black "Austen48"]
[Result "1-0"]
[WhiteElo "2405"]
[BlackElo "2228"]
[TimeControl "180+1"]
[EndTime "9:46:36 PST"]
[Termination "Slovineanu won by resignation"]

1. d4 Nf6 2. Nf3 e6 3. c4 Bb4+ 4. Nbd2 O-O 5. a3 Be7 6. e3 d6 7. Bd3 Nbd7 8. O-O e5 9. b3 Re8 10. Bb2 Bf8 11. dxe5 dxe5 12. Ne4 c6 13. Qc2 h6 14.
Rfd1 Nxe4 15. Bxe4 Qf6 16. b4 g6 17. c5 Bg7 18.
Rd2 Qe7 19. Rad1 Nf8 20. Rd6 Bg4 21. h3 Bxf3 22. Bxf3 Rad8 23. Be2 Rxd6 24. Rxd6 Rd8 25. Rxd8 Qxd8 26. Bc4 Ne6 27. Bxe6 fxe6 28. Qxg6 Qd5 29. e4 Qd1+ 30. Kh2 Kf8 31. Qxe6 Qe2 32. Bxe5 Bxe5+ 33. Qxe5 Qxf2 34. Qf5+ Qxf5 35. exf5 Kf7 36. g4 Kf6 37. Kg3 1-0

[Event "Early-Titled-Tuesday-Blitz-February-13-2024"]
[Site "Chess.com"]
[Date "2024.02.13"]
[Round "9"]
[White "Hovik_Hayrapetyan"]
[Black "LiadCuba"]
[Result "1-0"]
[WhiteElo "2902"]
[BlackElo "2508"]
[TimeControl "180+1"]
[EndTime "9:46:38 PST"]
[Termination "Hovik_Hayrapetyan won by checkmate"]

1. d4 d5 2. c4 e6 3. Nc3 Nf6 4.
Nf3 c5 5. cxd5 Nxd5 6. e4 Nxc3 7. bxc3 cxd4 8. cxd4 Bb4+ 9. Bd2 Bxd2+ 10. Qxd2 O-O 11. Bc4 Nd7 12. O-O b6 13. Rfe1 Bb7 14. Rad1 Rc8 15. Bb3 Re8 16. h3 h6 17. Qf4 Qc7 18. Qxc7 Rxc7 19.
d5 exd5 20. exd5 Rxe1+ 21. Rxe1 Nf6 22. d6 Rd7 23. Ne5 Rxd6 24. Nxf7 Rd2 25. Nxh6+ Kh7 26.
Nf5 Ne4 27. f3 Nc3 28. Re7 Ne2+ 29. Kh2 Bxf3 30. Rxg7+ Kh8 31. Rg8+ Kh7 32. Rg7+ Kh8 33. Rg6 Nf4 34. Rh6# 1-0

[Event "Early-Titled-Tuesday-Blitz-February-13-2024"]
[Site "Chess.com"]
[Date "2024.02.13"]
[Round "9"]
[White "JonaszBaum"]
[Black "RantomOpening"]
[Result "1-0"]
[WhiteElo "2649"]
[BlackElo "2481"]
[TimeControl "180+1"]
[EndTime "9:46:39 PST"]
[Termination "JonaszBaum won by checkmate"]

1. Nf3 e6 2. c4 d5 3. g3 c5 4.
Bg2 d4 5. e3 Nf6 6. b4 dxe3 7.
fxe3 cxb4 8. d4 Be7 9. O-O Nc6 10. Nbd2 O-O 11. Bb2 a5 12. Qe2 a4 13. Rac1 b3 14. a3 e5 15. d5 Nb8 16. Nxe5 Nbd7 17. Ndf3 Nc5 18. Nd4 Bd6 19. Nb5 Re8 20. Nxf7 Kxf7 21. Qh5+ Kg8 22. Bxf6 gxf6 23. Nxd6 Re7 24. Rxf6 Rg7 25.
Rcf1 Bd7 26. Rf7 Be8 27. Rf8# 1-0

[Event "Early-Titled-Tuesday-Blitz-February-13-2024"]
[Site "Chess.com"]
[Date "2024.02.13"]
[Round "9"]
[White "yaguigor"]
[Black "ExtremeLearner"]
[Result "0-1"]
[WhiteElo "2645"]
[BlackElo "2380"]
[TimeControl "180+1"]
[EndTime "9:46:39 PST"]
[Termination "ExtremeLearner won by resignation"]

1. Nf3 d5 2. c4 e6 3. d4 Nf6 4. Nc3 h6 5. Bf4 Bd6 6. e3 Bxf4 7. exf4 dxc4 8. Bxc4 c6 9. O-O O-O 10.
Qd3 Nbd7 11. a3 Nb6 12. Ba2 Nbd5 13. g3 g6 14. Ne5 Kg7 15. Rad1 h5 16. Bb1 Ne7 17. h3 b6 18. g4 hxg4 19. hxg4 Bb7 20. f3 Rh8 21. Kg2 Nfd5 22. Ne2 a5 23. Kg3 Ba6 24.
Qd2 Bxe2 25. Qxe2 Rh3+ 26. Kf2 Rh2+ 27. Ke1 Rxe2+ 28. Kxe2 Nxf4+ 29. Ke3 Ned5+ 30. Kf2 Qh4+ 0-1

[Event "Early-Titled-Tuesday-Blitz-February-13-2024"]
[Site "Chess.com"]
[Date "2024.02.13"]
[Round "9"]
[White "Zohid6"]
[Black "DonkyDonkyDonkey"]
[Result "0-1"]
[WhiteElo "2835"]
[BlackElo "2946"]
[TimeControl "180+1"]
[EndTime "9:46:40 PST"]
[Termination "DonkyDonkyDonkey won by resignation"]

1. d4 Nf6 2. Nc3 d5 3. Bf4 g6 4.
e3 c6 5. h4 h5 6. Be2 Bg7 7. Nf3 O-O 8. Ne5 Nbd7 9. Nxd7 Bxd7 10. Bf3 Bf5 11. Be5 Rc8 12. Bxf6 Bxf6 13. g4 hxg4 14. Bxg4 Qd7 15. Bxf5 Qxf5 16. Ne2 e5 17. Ng3 Qe6 18. c3 exd4 19. cxd4 c5 20. dxc5 d4 21. e4 Rxc5 22. Qd3 Rfc8 23. Ne2 Qg4 24. f3 Qg2 25. Rg1 Bxh4+ 26. Kd1 Qf2 27. Rh1 Bg5 28. Re1 Be3 29. Rb1 Qxf3 30. Ra1 Rc1+ 0-1

[Event "Early-Titled-Tuesday-Blitz-February-13-2024"]
[Site "Chess.com"]
[Date "2024.02.13"]
[Round "9"]
[White "Semetey"]
[Black "Shahdad2007"]
[Result "0-1"]
[WhiteElo "2633"]
[BlackElo "2515"]
[TimeControl "180+1"]
[EndTime "9:46:40 PST"]
[Termination "Shahdad2007 won on time"]

1. e4 c5 2. Nf3 e6 3. d4 cxd4 4. Nxd4 Nc6 5. Nc3 Qc7 6. g3 h5 7. Ndb5 Qb8 8. Bf4 e5 9. Bg5 a6 10. Na3 Bxa3 11. bxa3 Nge7 12. Nd5 Nxd5 13. exd5 Nd4 14. c3 Nf5 15. Bd3 d6 16. Qf3 Ne7 17.
O-O Qc7 18. c4 Bg4 19. Qe3 f6 20. Bh4 g5 21. Bxg5 fxg5 22. Qxg5 Rg8 23. Qd2 O-O-O 24.
Rab1 Nf5 25. f3 Bh3 26. Rfc1 Nd4 27. Be4 h4 28. c5 dxc5 29. Rxc5 Qxc5 30. Rc1 Ne2+ 31.
Kh1 Qxc1+ 0-1

[Event "Early-Titled-Tuesday-Blitz-February-13-2024"]
[Site "Chess.com"]
[Date "2024.02.13"]
[Round "9"]
[White "jaskol95"]
[Black "chessdjw"]
[Result "0-1"]
[WhiteElo "2578"]
[BlackElo "2746"]
[TimeControl "180+1"]
[EndTime "9:46:41 PST"]
[Termination "chessdjw won by checkmate"]

1. e4 c5 2. Nf3 d6 3. Bb5+ Nd7 4. a4 Nf6 5. Nc3 a6 6. Bc4 e6 7. O-O Be7 8. d3 O-O 9. Bf4 b6 10. Re1 Bb7 11. Qd2 Qc7 12. Rad1 Ne5 13. Nxe5 dxe5 14.
Bg3 Nh5 15. Ne2 h6 16. h3 Bg5 17. Qc3 Nxg3 18. Nxg3 Bc6 19. Bb3 Rfd8 20. Nf1 Be8 21.
Ne3 Rd4 22. Ra1 h5 23. g3 h4 24. Kg2 Rad8 25. Bc4 Qb7 26. Ng4 b5 27. axb5 axb5 28. Ba2 Qc7 29. f3 b4 30. Qb3 c4 31. dxc4 Rd2+ 32.
Kf1 hxg3 33. Re2 Qc5 34. Rae1 Rxe2 35. Kxe2 Rd2+ 36. Kf1 g2# 0-1

[Event "Early-Titled-Tuesday-Blitz-February-13-2024"]
[Site "Chess.com"]
[Date "2024.02.13"]
[Round "9"]
[White "lachesisQ"]
[Black "BlueWizzard"]
[Result "1-0"]
[WhiteElo "3053"]
[BlackElo "2873"]
[TimeControl "180+1"]
[EndTime "9:46:47 PST"]
[Termination "lachesisQ won by resignation"]

1. e4 e5 2. f4 Nf6 3. Nf3 d5 4. fxe5 dxe4 5. exf6 exf3 6. Qxf3 Qxf6 7. Qxf6 gxf6 8. d4 c5 9. Nc3 cxd4 10. Nb5 Na6 11.
Nxd4 Bc5 12. Be3 Bg4 13. Bb5+ Ke7 14. Bxa6 Bxd4 15. Bxd4 bxa6 16. O-O Rhc8 17. Bxf6+ Ke8 18. Rf2 Rab8 19. Re1+ Be6 20. a3 Rc5 21. Bd4 Rd5 22. c3 Rb7 23. b4 a5 24. Rf6 axb4 25. axb4 h5 26. Ra1 Rdd7 27. Rh6 Rb5 28. Bxa7 Rd2 29. Bc5 Rb7 30. Rxh5 Kd7 31. Rg5 Kc6 32. h4 Rb8 33. Rf1 Rh8 34. h5 Rc2 35. Bd4 Rh7 36. Rf2 Rc1+ 37. Kh2 f5 38. Rgxf5 Rc2 1-0

[Event "Early-Titled-Tuesday-Blitz-February-13-2024"]
[Site "Chess.com"]
[Date "2024.02.13"]
[Round "9"]
[White "IngOscarArdila"]
[Black "PepeCuenca"]
[Result "0-1"]
[WhiteElo "2302"]
[BlackElo "2678"]
[TimeControl "180+1"]
[EndTime "9:46:49 PST"]
[Termination "PepeCuenca won by checkmate"]

1. d4 Nf6 2. c4 g6 3. Nc3 Bg7 4. Nf3 O-O 5. e3 d5 6. Be2 c5 7. O-O cxd4 8. Nxd4 dxc4 9. Bxc4 b6 10. Qf3 e5 11.
Qxa8 exd4 12. exd4 Qxd4 13. Qxb8 Qxc4 14. Qxa7 Ng4 15.
Qxb6 Nxh2 16. Re1 Qh4 17. Qc7 Ng4 18. Qg3 Qxg3 19. fxg3 Bd4+ 20. Kf1 Ba6+ 21. Ne2 Nh2# 0-1

[Event "Early-Titled-Tuesday-Blitz-February-13-2024"]
[Site "Chess.com"]
[Date "2024.02.13"]
[Round "9"]
[White "inagreV"]
[Black "Attacker_2006"]
[Result "1-0"]
[WhiteElo "2368"]
[BlackElo "2471"]
[TimeControl "180+1"]
[EndTime "9:46:55 PST"]
[Termination "inagreV won on time"]

1. e4 e5 2. Nf3 Nc6 3. Bc4 Bc5 4. O-O Nf6 5. d3 O-O 6. h3 d5 7. exd5 Nxd5 8. Re1 Be6 9. Nbd2 a6 10. Nxe5 Nxe5 11.
Rxe5 Qf6 12. Nf3 Bd6 13. Rxd5 Bxd5 14. Bxd5 c6 15. Bb3 Bc5 16. d4 Bd6 17. c3 Rae8 18. Bg5 Qg6 19. Bc2 f5 20. Qd2 Bc7 21. Re1 Rxe1+ 22.
Qxe1 Re8 23. Qd2 h6 24. Bf4 Bxf4 25. Qxf4 Qe6 26. Bxf5 Qe2 27. Ne5 1-0

[Event "Early-Titled-Tuesday-Blitz-February-13-2024"]
[Site "Chess.com"]
[Date "2024.02.13"]
[Round "9"]
[White "db-banana"]
[Black "djano"]
[Result "0-1"]
[WhiteElo "2484"]
[BlackElo "2654"]
[TimeControl "180+1"]
[EndTime "9:46:56 PST"]
[Termination "djano won by resignation"]

1. e4 c5 2. Nf3 Nc6 3. d4 cxd4 4. Nxd4 g6 5. c4 e5 6. Nb5 d6 7. Bd3 Nf6 8. N5c3 Bg7 9. Nd5 Nxd5 10. cxd5 Nd4 11.
O-O O-O 12. Nc3 Qb6 13. Ne2 Nxe2+ 14. Qxe2 f5 15. Be3 Qa5 16. f3 Bd7 17. a3 Rac8 18. b4 Qa4 19. Qb2 fxe4 20. fxe4 Bb5 21. Rxf8+ Bxf8 22. Bb1 Qd1+ 23. Kf2 Be7 24. Ba2 Bh4+ 25. g3 Rf8+ 26.
Kg2 Qf3+ 27. Kg1 Qxe3+ 28. Kg2 Qf3+ 29. Kh3 Bd7+ 0-1

[Event "Early-Titled-Tuesday-Blitz-February-13-2024"]
[Site "Chess.com"]
[Date "2024.02.13"]
[Round "9"]
[White "Cambek64"]
[Black "pfalcon1949"]
[Result "1-0"]
[WhiteElo "2499"]
[BlackElo "1941"]
[TimeControl "180+1"]
[EndTime "9:46:57 PST"]
[Termination "Cambek64 won by resignation"]

1. d4 Nf6 2. c4 c5 3. d5 b5 4. cxb5 a6 5. b6 e6 6. a4 Qxb6 7. a5 Qa7 8. Nc3 Bb7 9. e4 e5 10. Nf3 d6 11. Nd2 g6 12. Nc4 Nbd7 13.
Be2 Qb8 14. O-O Qc7 15. f4 Bg7 16. f5 O-O 17. g4 gxf5 18. exf5 h6 19. h4 e4 20. g5 hxg5 21. hxg5 Nxd5 22. f6 Nxc3 23. bxc3 Bh8 24. Qxd6 Qxd6 25. Nxd6 Bc6 26. Bf4 Rfb8 27.
Bc4 Rb2 28. Nxf7 Kh7 29. Rf2 Rxf2 30. Kxf2 Kg6 31. Ke3 Bxf6 32. gxf6 Nxf6 33. Rg1+ Kh7 34. Be5 Nh5 35. Rg5 Be8 36. Rxh5+ Kg8 1-0

[Event "Early-Titled-Tuesday-Blitz-February-13-2024"]
[Site "Chess.com"]
[Date "2024.02.13"]
[Round "9"]
[White "dropstoneDP"]
[Black "Bauman_Guy"]
[Result "0-1"]
[WhiteElo "3049"]
[BlackElo "2899"]
[TimeControl "180+1"]
[EndTime "9:46:59 PST"]
[Termination "Bauman_Guy won by resignation"]

1. e4 c5 2. Nf3 d6 3. d4 Nf6 4.
dxc5 Nxe4 5. cxd6 Nc6 6. c3 Nxd6 7. Bf4 g6 8. Bxd6 exd6 9. Bc4 Bg7 10. Qe2+ Ne7 11.
Bb5+ Bd7 12. Bxd7+ Qxd7 13. O-O O-O 14. Nbd2 d5 15. Nb3 Rad8 16. Rad1 Nf5 17. Nbd4 Rfe8 18.
Qd3 Nd6 19. Rfe1 Nc4 20. b3 Nb2 21. Qd2 Nxd1 22. Rxd1 Rc8 23. h3 a6 24. Qd3 Qc7 25. Ne2 Qa5 26. a4 Bxc3 27. Nf4 d4 28. g4 Rcd8 29.
Kg2 Qc7 30. Ne2 Qc6 31. Ng3 Ba5 32. Qf1 Bc7 33. Rc1 Qd7 34. Ne2 d3 35. Ned4 Bb6 36.
Rc4 Bxd4 37. Rxd4 Qxd4 38. Nxd4 Rxd4 39. Qa1 Red8 0-1

[Event "Early-Titled-Tuesday-Blitz-February-13-2024"]
[Site "Chess.com"]
[Date "2024.02.13"]
[Round "9"]
[White "Manukyan_Artak"]
[Black "KorolDimitriy75"]
[Result "0-1"]
[WhiteElo "2530"]
[BlackElo "2431"]
[TimeControl "180+1"]
[EndTime "9:46:59 PST"]
[Termination "KorolDimitriy75 won by resignation"]

1. e4 c5 2. Nf3 d6 3. Bb5+ Nd7 4. O-O Nf6 5. Re1 a6 6. Bf1 e5 7. c4 Be7 8. d3 O-O 9. Nc3 Nb8 10. a4 Nc6 11. Bg5 h6 12. Bh4 Bg4 13. Bg3 Nh5 14. Be2 Nxg3 15. Nd5 Nxe2+ 16. Rxe2 Bxf3 17. gxf3 Nd4 18. Re3 Bg5 19. f4 Bxf4 20. Nxf4 exf4 21. Rh3 f5 22. Kh1 fxe4 23. dxe4 Qe7 24. f3 Qe6 25. Rh4 Qxc4 26. Rg4 Qe2 27. Qxe2 Nxe2 28. Kg2 Rf6 29.
h4 Nd4 30. Kf2 Kf7 31. Rag1 g6 32. Rc1 b5 33. a5 b4 34. Rd1 Rb8 35. Ke1 Rb5 36.
Kd2 Nxf3+ 37. Kd3 Ne5+ 0-1

[Event "Early-Titled-Tuesday-Blitz-February-13-2024"]
[Site "Chess.com"]
[Date "2024.02.13"]
[Round "9"]
[White "Bigfish1995"]
[Black "SantoBlue"]
[Result "1-0"]
[WhiteElo "3169"]
[BlackElo "2972"]
[TimeControl "180+1"]
[EndTime "9:47:01 PST"]
[Termination "Bigfish1995 won by checkmate"]

1. e4 d6 2. d4 Nf6 3. Nc3 e5 4. Nge2 Nbd7 5. h3 Be7 6. g4 O-O 7. Bg2 c6 8. a4 h6 9. Be3 Re8 10. Qd2 Nf8 11. f4 Ng6 12. O-O-O Nh4 13. Ng3 exf4 14.
Bxf4 Nxg2 15. Qxg2 d5 16. e5 Nh7 17. Kb1 b5 18.
axb5 Be6 19. bxc6 Qa5 20. Rd3 Rec8 21. Nf5 Bf8 22. Nxh6+ gxh6 23. g5 Bf5 24. gxh6+ Kh8 25. Rg1 Bg6 26. e6 Rxc6 27. Be5+ Kg8 28. Qxg6+ fxg6 29. Rxg6+ Bg7 30. Rf3 Rxe6 31. Rxg7+ Kh8 32. Rff7 Rxe5 33.
Rxh7+ Kg8 34. Rfg7+ Kf8 35. Rh8# 1-0

[Event "Early-Titled-Tuesday-Blitz-February-13-2024"]
[Site "Chess.com"]
[Date "2024.02.13"]
[Round "9"]
[White "viviania"]
[Black "Zurability"]
[Result "1-0"]
[WhiteElo "2906"]
[BlackElo "2748"]
[TimeControl "180+1"]
[EndTime "9:47:02 PST"]
[Termination "viviania won on time"]

1. c4 e6 2. Nc3 d5 3. d4 Nf6 4. cxd5 exd5 5. Bg5 c6 6. e3 Be7 7. Bd3 O-O 8. Nge2 Re8 9. Qc2 Nbd7 10. O-O Nf8 11. f3 Ng6 12. e4 dxe4 13. fxe4 Ng4 14. Bxe7 Qxe7 15. Qd2 c5 16. h3 Nf6 17. e5 cxd4 18. exf6 dxc3 19. Nxc3 Qe3+ 20. Qxe3 Rxe3 21. Rad1 Be6 22. Be4 Rb8 23. Kf2 Rxc3 24. bxc3 gxf6 25. a4 Ne5 26. Rd4 Rc8 27. Bxb7 Rxc3 28. a5 Ra3 29. a6 Bc4 30. Rfd1 Bxa6 31. Bxa6 Rxa6 32. Rd6 Ra2+ 33.
R1d2 Ra4 34. Rxf6 Kg7 35. Rfd6 f6 36. Rb2 Kg6 37. Rdd2 Ra3 38. Ra2 Nd3+ 39. Ke3 1-0

[Event "Early-Titled-Tuesday-Blitz-February-13-2024"]
[Site "Chess.com"]
[Date "2024.02.13"]
[Round "9"]
[White "blitzking1729"]
[Black "TigrVShlyape"]
[Result "1-0"]
[WhiteElo "2729"]
[BlackElo "2852"]
[TimeControl "180+1"]
[EndTime "9:47:08 PST"]
[Termination "blitzking1729 won by resignation"]

1. c4 f5 2. Nc3 Nf6 3. d4 e6 4. a3 g6 5. h4 Bg7 6. h5 Nxh5 7. e4 Nf6 8. e5 Ng8 9. Nf3 Nc6 10. Bg5 Nce7 11. d5 h6 12. Be3 a6 13. Qc2 d6 14.
O-O-O exd5 15. exd6 cxd6 16. cxd5 Bd7 17. Kb1 Nf6 18.
Qb3 b5 19. Nd4 Ng4 20. Nc6 Qc7 21. Bxb5 Nxe3 22. fxe3 Bxc6 23. Bxc6+ Nxc6 24. dxc6 Bxc3 25. Qxc3 O-O-O 26. Rh4 Rhe8 27. Rb4 Re5 28. Rb7 Qa5 29. Qb3 Rde8 30. Rb8+ 1-0

[Event "Early-Titled-Tuesday-Blitz-February-13-2024"]
[Site "Chess.com"]
[Date "2024.02.13"]
[Round "9"]
[White "K_A_S_T_O_R"]
[Black "GianmarcoVaR"]
[Result "1-0"]
[WhiteElo "2875"]
[BlackElo "2718"]
[TimeControl "180+1"]
[EndTime "9:47:09 PST"]
[Termination "K_A_S_T_O_R won by resignation"]

1. e4 c5 2. Nf3 d6 3. d4 cxd4 4. Nxd4 Nf6 5. Nc3 a6 6. Bg5 Nbd7 7. Bc4 Qb6 8. Bb3 e6 9. Bxf6 Nxf6 10. Qd2 Nd7 11.
O-O-O Nc5 12. f4 Qc7 13. g4 Bd7 14. g5 O-O-O 15. f5 Kb8 16. Kb1 Bc8 17. h4 d5 18.
fxe6 dxe4 19. exf7 Nxb3 20. axb3 Bc5 21. Qe3 Qe5 22.
Nce2 Bg4 23. c3 Rhf8 24. Rhf1 Bh5 25. Rd2 Bxe2 26. Rxe2 Bxd4 27. cxd4 Rxd4 28. Ref2 Qd5 29. Qc3 Ka7 30. Rf5 Qd7 31. Qc5+ b6 32. Qxf8 Rd1+ 33. Rxd1 Qxd1+ 34. Ka2 1-0